 Dungeon Crawl Stone Soup version 0.28.0-1-gb440e238dd (webtiles) character file.

Game seed: 6939873296743413157

2514 MacCMillion the Cleaver (level 9, -8/74 HPs)
             Began as a Minotaur Fighter on Feb 21, 2022.
             Was a Follower of Uskayaw.
             Mangled by a starcursed mass (10 damage)
             ... on level 2 of the Abyss.
             The game lasted 00:11:02 (5725 turns).

MacCMillion the Cleaver (Minotaur Fighter)          Turns: 5725, Time: 00:11:02

Health: -8/74      AC: 19    Str: 25    XL:     9   Next: 29%
Magic:  7/8        EV:  6    Int:  5    God:    Uskayaw [*.....]
Gold:   338        SH:  4    Dex: 10    Spells: 8/8 levels left

rFire   . . .      SeeInvis .   a - +0 war axe
rCold   . . .      Faith    .   c - +0 buckler
rNeg    . . .      Spirit   .   w - +0 plate armour
rPois   .          Reflect  .   (helmet restricted)
rElec   .          Harm     .   (no cloak)
rCorr   .          Rampage  .   (no gloves)
Will    +....                   C - +2 pair of boots
Stlth   ..........              (no amulet)
HPRegen 0.22/turn               q - +4 ring of protection
MPRegen 0.11/turn               h - ring of willpower

@: on berserk cooldown
A: horns 2, retaliatory headbutt
a: Renounce Religion, Stomp


You were on level 2 of the Abyss.
You worshipped Uskayaw.
Uskayaw was noncommittal.
You visited 1 branch of the dungeon, and saw 7 of its levels.
You visited the Abyss 1 time.
You also visited: Sewer.

You collected 360 gold pieces.
You spent 22 gold pieces at shops.

Inventory:

Hand Weapons
 a - a +0 war axe (weapon)
Missiles
 b - a curare-tipped dart
 n - 3 poisoned darts (quivered)
 t - 2 atropa-tipped darts
 v - 6 boomerangs
Armour
 c - a +0 buckler (worn)
 w - a +0 plate armour (worn)
 C - a +2 pair of boots (worn)
Jewellery
 h - a ring of willpower (right hand)
 q - a +4 ring of protection (left hand)
Wands
 m - a wand of flame (15)
 y - a wand of charming (10)
Scrolls
 g - a scroll of noise {unknown}
 i - a scroll of magic mapping {unknown}
 l - a scroll of vulnerability {unknown}
 p - 3 scrolls of enchant armour {unknown}
 r - 3 scrolls of teleportation {unknown}
 s - 3 scrolls of fear {unknown}
 x - a scroll of enchant weapon {unknown}
 A - a scroll of blinking {unknown}
Potions
 d - 2 potions of might
 e - a potion of degeneration
 f - a potion of haste
 j - 3 potions of lignification
 k - 3 potions of berserk rage
 o - a potion of heal wounds
 u - 2 potions of mutation {unknown}
 z - 3 potions of attraction {unknown}
 B - a potion of curing {unknown}


   Skills:
 + Level 5.1 Fighting
 - Level 14.0 Axes
 + Level 5.1 Armour
 - Level 4.0 Shields
 * Level 0.9 Invocations


You had 8 spell levels left.
You didn't know any spells.
Your spell library contained the following spells:

 Spells                   Type           Power      Damage    Failure   Level
 Animate Skeleton         Necr           0%         N/A       100%        1
 Apportation              Tloc           0%         N/A       100%        1
 Magic Dart               Conj           0%         1d3       100%        1
 Summon Small Mammal      Summ           0%         N/A       100%        1
 Call Imp                 Summ           0%         N/A       100%        2
 Corpse Rot               Necr/Air       0%         N/A       100%        2
 Poisonous Vapours        Pois/Air       0%         N/A       100%        2
 Mephitic Cloud           Conj/Pois/Air  0%         N/A       100%        3
 Cause Fear               Hex            0%         N/A       100%        4
 Dragon Form              Tmut           0%         N/A       100%        7
 Dragon's Call            Summ           0%         N/A       100%        9


Dungeon Overview and Level Annotations

Branches:
Dungeon (7/15)             Temple (0/1) D:6           Sewer (visited)

Altars:
Ashenzari
Gozag
Uskayaw
Wu Jian
Zin
Beogh

Shops:
D:5 ?


Innate Abilities, Weirdness & Mutations

You have a pair of horns on your head.
You reflexively headbutt those who attack you in melee.


Message History

Okay, then.
You slash the large abomination!
The large abomination is severely damaged.
Uskayaw will force your foes to helplessly watch your dance.
Uskayaw prepares the audience for your solo!
The helpless large abomination fails to defend itself.
You carve the large abomination like a ham!!!
You destroy the large abomination!
That felt strangely unrewarding.
Uskayaw will force your foes to share their pain.
You start resting.
You feel a strong urge to attack something.
You start resting.
You feel your anger nearly subside.
You start resting.
You are no longer berserk.
You are exhausted.
You feel yourself slow down.
You start resting.
A small abomination comes into view.
You start resting.
A worldbinder comes into view.
A starcursed mass comes into view.
A starcursed mass splits.
A chorus of shrieks assaults your mind.
* * * LOW HITPOINT WARNING * * *
A starcursed mass splits.
A starcursed mass splits.
A chorus of shrieks assaults your mind.
* * * LOW HITPOINT WARNING * * *
Unknown command.
The worldbinder calls forth creatures from the Vaults!
You feel yourself speed up.
A starcursed mass splits.
A chorus of shrieks assaults your mind.
* * * LOW HITPOINT WARNING * * *
The worldbinder calls forth creatures from the Vaults!
The starcursed mass completely misses you.
The starcursed mass touches you!
You die...

.##.
..#..........# #
## ##. # ....# .
#. # #.##.#..# .
# #####.# ##.. #
##.#. X# .#. .
#..x##.##....
.....##u###......
..# ##pX......#
##@Xx..## #.#.###
#..... .... #.#
#.### .# .#. . #
#


You could see 2 starcursed masses, a white very ugly thing (summoned), a vault
sentinel (summoned), a worldbinder and a small abomination.

Vanquished Creatures
  A large abomination (Abyss:2)
  A troll (D:5)
  Grinder (D:5)
  A chaos spawn (Abyss:2)
  2 water moccasins (D:7)
  An orc warrior (D:7)
  Pargi (Sewer)
  2 black bears (D:5)
  2 sky beasts
  2 necrophages (D:5)
  A centaur (D:7)
  3 ogres
  A kobold brigand (D:6)
  A bullfrog (D:5)
  A wyvern skeleton (D:5)
  A centaur zombie (D:6)
  4 hounds
  An orc priest (D:3)
  2 gnoll shamans (D:6)
  An iguana (D:4)
  Terence (D:2)
  4 orc wizards
  2 hound skeletons
  11 gnolls
  5 adders
  A shadow imp (D:5)
  2 white imps
  2 adder skeletons
  2 worms
  4 dart slugs
  5 orcs
  7 ball pythons
  An endoplasm (D:4)
  5 giant cockroaches
  2 goblins (D:2)
  6 hobgoblins
  8 jackals
  10 kobolds
  2 quokkas
  5 bats
  2 frilled lizards
  3 rats
120 creatures vanquished.

Vanquished Creatures (others)
  10 plants (D:3)
10 creatures vanquished.

Grand Total: 130 creatures vanquished

Notes
Turn   | Place    | Note
-------+----------+-------------------------------------------
     0 | D:1      | MacCMillion the Minotaur Fighter began the quest for the
                  | Orb.
     0 | D:1      | Reached XP level 1. HP: 19/19 MP: 0/0
   211 | D:1      | Reached XP level 2. HP: 27/27 MP: 1/1
   320 | D:1      | Reached skill level 3 in Axes
   844 | D:2      | Found a faded altar of an unknown god.
   978 | D:2      | Found a glowing silver altar of Zin.
  1055 | D:2      | Reached XP level 3. HP: 21/33 MP: 2/2
  1253 | D:2      | Noticed Terence
  1265 | D:2      | Killed Terence
  1774 | D:3      | Reached XP level 4. HP: 40/40 MP: 3/3
  1798 | D:3      | Reached skill level 4 in Axes
  2019 | D:3      | Found an opulent altar of Gozag.
  2172 | D:4      | Reached XP level 5. HP: 46/47 MP: 4/4
  2309 | D:4      | Found an ornate altar of the Wu Jian Council.
  2324 | D:4      | Reached skill level 5 in Axes
  2481 | D:4      | Noticed an ogre
  2661 | D:4      | Killed an ogre
  2662 | D:4      | Reached skill level 5 in Fighting
  2662 | D:4      | Reached skill level 5 in Armour
  2662 | D:4      | Reached XP level 6. HP: 56/56 MP: 5/5
  2750 | D:4      | Reached skill level 6 in Axes
  3023 | D:5      | Entered Level 5 of the Dungeon
  3073 | D:5      | Found a glowing drain.
  3085 | D:5      | Reached skill level 7 in Axes
  3119 | Sewer    | Entered a sewer
  3183 | Sewer    | Noticed Pargi
  3199 | Sewer    | Killed Pargi
  3200 | Sewer    | Reached skill level 8 in Axes
  3200 | Sewer    | Reached XP level 7. HP: 53/61 MP: 6/6
  3606 | D:5      | Found Faeclol's Magic Scroll Emporium.
  3612 | D:5      | Bought a scroll of identify for 22 gold pieces
  3723 | D:5      | Reached skill level 9 in Axes
  3812 | D:5      | Noticed Grinder
  3828 | D:6      | Noticed a troll
  4145 | D:5      | Reached skill level 10 in Axes
  4145 | D:5      | Reached XP level 8. HP: 64/68 MP: 7/7
  4225 | D:5      | Killed Grinder
  4297 | D:5      | Reached skill level 11 in Axes
  4592 | D:5      | Killed a troll
  4593 | D:5      | Reached skill level 12 in Axes
  4955 | D:6      | Found a staircase to the Ecumenical Temple.
  5135 | D:6      | Reached skill level 13 in Axes
  5146 | D:6      | Found a broken altar of Ashenzari.
  5190 | D:6      | Found a glowing silver altar of Zin.
  5207 | D:6      | Reached XP level 9. HP: 73/74 MP: 8/8
  5222 | D:6      | Found a hide-covered altar of Uskayaw.
  5383 | D:6      | Became a worshipper of Uskayaw the Reveller
  5460 | D:7      | Reached * piety under Uskayaw
  5464 | D:7      | Reached ** piety under Uskayaw
  5466 | D:7      | Reached *** piety under Uskayaw
  5471 | D:7      | Reached **** piety under Uskayaw
  5605 | D:7      | Reached skill level 14 in Axes
  5612 | D:7      | Cast into level 2 of the Abyss (gnoll sergeant)
  5671 | Abyss:2  | Noticed a large abomination
  5693 | Abyss:2  | Killed a large abomination
  5717 | Abyss:2  | Noticed a worldbinder
  5719 | Abyss:2  | Noticed a starcursed mass
  5724 | Abyss:2  | Noticed a white very ugly thing
  5724 | Abyss:2  | HP: 2/74 [starcursed mass/accursed screaming (7)]
  5725 | Abyss:2  | Mangled by a starcursed mass

Illustrated notes

Levels and vault maps discovered:
D:1:      dpeg_arrival_radiant, layout_loops_ring, minmay_nonomino_d4
D:2:      layout_loops_ring, dreamdust_ecumenical_altar_statues, basic_altar,
          bh_walls_and_bars, uniq_terence
D:3:      layout_loops_ring, nicolae_gozag_cash_rules_everything_around_me,
          serial_forest, infiniplex_forest_lined_room_3,
          infiniplex_forest_lined_room_2, infiniplex_forest_clump_double,
          infiniplex_forest_clump_cross, infiniplex_forest_straight_4,
          kennysheep_orc_chapel
D:4:      layout_basic, nicolae_wu_jian_immortal_techniques,
          minmay_misc_feat_rugged
D:5:      layout_loops_ring, gup_sewer_entry_glass, serial_shops,
          nicolae_shop_waterfront, kennysheep_generic_room_13, uniq_grinder
D:6:      layout_cave_pools, mainiacjoe_overflow_24_doors,
          grunt_temple_overflow_open, minmay_temple_entry_overgrown
D:7:      layout_loops_ring, mainiacjoe_overflow_chevrons, trog_book,
          mainiacjoe_overflow_paths, minmay_misc_feat_roman, minmay_starry_boxes
Abyss:2:  base:
D:1

Skill      XL: |  1  2  3  4  5  6  7  8  9 |
---------------+----------------------------+-----
Axes           | 3 4 5 8 10 13 14 | 14.0
Fighting       | 4 5 |  5.1
Armour         | 4 5 |  5.1
Shields        | 4 |  4.0
Invocations    | |  0.9

Action                   |  1- 3 |  4- 6 |  7- 9 || total
-------------------------+-------+-------+-------++-------
Melee: War axe           |    52 |   108 |   174 ||   334
       Headbutt          |     7 |    17 |    29 ||    53
Throw: Dart              |       |       |     1 ||     1
  Use: Scroll            |       |       |     5 ||     5
 Stab: Paralysed         |       |       |     3 ||     3
Armor: Scale mail        |    22 |    28 |       ||    50
       Plate armour      |       |    39 |   107 ||   146
Dodge: Dodged            |    15 |    48 |    44 ||   107
Block: Buckler           |    12 |    31 |    42 ||    85
